 Dungeon Crawl Stone Soup version 0.30-a0-808-g6e0788376e (webtiles) character file.

Game seed: 739858677558966599

805 dolemite99 the Magician (level 8, 0/87 HPs)
             Began as a Djinni Fire Elementalist on Feb 27, 2023.
             Was an Initiate of Fedhas.
             Slain by a black bear (6 damage)
             ... on level 5 of the Dungeon.
             The game lasted 00:09:54 (7144 turns).

dolemite99 the Magician (Djinni Fire Elementalist)  Turns: 7144, Time: 00:09:54

Health: 0/87       AC:  5    Str:  7    XL:     8   Next: 14%
Gold:   226        EV: 12    Int: 18    God:    Fedhas [......] SH:  0 Dex: 15

rFire   + + +      SeeInvis .    a - staff of fire
rCold   x . .      Faith    .    (no shield)
rNeg    . . .      Spirit   .    h - +0 robe
rPois   ∞          Reflect  .    B - +0 helmet
rElec   .          Harm     .    (no cloak)
rCorr   .          Rampage  .    g - +1 pair of gloves
Will    .....                    (boots unavailable) Stlth
                                 (no amulet)
HPRegen 0.34/turn                (no ring)
MPRegen 0.00/turn                (no ring)

@: berserking, about to teleport, flying, very quick
A: sickness immunity, fire resistance 2, cold vulnerability 1, float, innate
caster, HP casting, extra vitality 1
a: Renounce Religion


You were on level 5 of the Dungeon.
You worshipped Fedhas.
Fedhas was noncommittal.
You visited 1 branch of the dungeon, and saw 5 of its levels.

You collected 226 gold pieces.

Inventory:

Hand Weapons
 d - a +2 heavy mace
 i - a +0 club
 j - a +1 dagger of electrocution
 m - a +0 dagger of venom
 n - a +0 long sword
 p - a +0 dagger
 q - a +0 sling
 z - a +1 flail of draining
 E - a +2 heavy flail
Missiles
 r - 8 boomerangs
 v - 4 atropa-tipped darts
Armour
 g - a +1 pair of gloves (worn)
 h - a +0 robe (worn)
 w - a +0 buckler
 B - a +0 helmet (worn)
Magical Staves
 a - a staff of fire (weapon)
Jewellery
 y - a ring of ice
Wands
 A - a wand of mindburst (12)
 C - a wand of iceblast (8)
Scrolls
 e - 4 scrolls of poison
 f - a scroll of fog
 t - a scroll of enchant weapon {unknown}
 D - a scroll of immolation
Potions
 b - a potion of attraction {unknown}
 c - a potion of degeneration {unknown}
 k - a potion of berserk rage
 l - a potion of mutation {unknown}
 o - a potion of flight {unknown}
 s - a potion of lignification {unknown}
 x - a potion of heal wounds {unknown}


   Skills:
 + Level 4.6 Fighting
 - Level 2.1 Dodging
 - Level 1.5 Stealth
 * Level 5.9 Spellcasting


You knew the following spells:

 Your Spells              Type           Power      Damage    Failure   Level
a - Scorch                Fire           80%        2d9       1%          2
b - Foxfire               Conj/Fire      100%       2x1d9     1%          1
c - Mephitic Cloud        Conj/Pois/Air  26%        N/A       3%          3
d - Flame Wave            Conj/Fire      40%        2d11      11%         4
e - Kindle Blastsparks    Fire/Tloc/Air  80%        2d16      3%          3
f - Sandblast             Erth           52%        2d12      1%          1
g - Static Discharge      Conj/Air       52%        2-5/arc   1%          2
h - Inner Flame           Hex/Fire       40%        N/A       3%          3
Your spell library was empty.

Dungeon Overview and Level Annotations

Branches:
Dungeon (5/15)             Temple (0/1) D:5

Altars:
Fedhas
Hepliaklqana
Xom

Shops:
D:2 (

Annotations:
D:3 1 runed translucent door, cforsyth's ghost, amateur KoBr


Innate Abilities, Weirdness & Mutations

You are immune to sickness and miasma.
You are immune to poison.
Your flesh is very heat resistant. (rF++)
You are vulnerable to cold. (rC-)
You float through the air rather than walking.
You learn spells naturally, not from books.
Your magical power is your life essence.
You have superior vitality. (+4 MHP)


Message History

The foxfire hits the black bear.
The black bear is lightly wounded.
The foxfire hits the black bear.
The black bear is moderately wounded.
Casting: Foxfire (safe; 1% risk of failure)
Confirm with . or Enter, or press ? or * to list all spells.
You feel a surge of power!
Flames lash the black bear.
The black bear is severely wounded.
The black bear's fire resistance burns away.
The black bear goes berserk!
The black bear bites you but does no damage.
The black bear claws you. x2
Casting: Scorch (safe; 1% risk of failure)
Confirm with . or Enter, or press ? or * to list all spells.
You feel a surge of power!
Flames lash the iguana.
The iguana is severely wounded.
The iguana's fire resistance burns away.
The black bear misses you. The black bear claws you. x2
The iguana completely misses you. The black bear completely misses you.
The black bear claws you. x2
The black bear bites you.
The black bear claws you but does no damage.
The black bear claws you. The iguana bites you.
Okay, then.
As you read the scroll of teleportation, it crumbles to dust.
You feel strangely unstable. The black bear bites you.
The black bear claws you but does no damage.
The black bear barely misses you.
The iguana hisses menacingly.
The iguana bites you!
* * * LOW HITPOINT WARNING * * *
The black bear bites you.
* * * LOW HITPOINT WARNING * * *
The black bear claws you but does no damage.
The black bear closely misses you.
It was a potion of berserk rage.
A red film seems to cover your vision as you go berserk!
You feel yourself moving faster!
You feel mighty! The black bear bites you.
You die...
Fedhas appreciates your contribution to the ecosystem.

##..#### #.........#
##..# ##.........#
#...#####..........#
.....##....#########
.#.#......##
##.#..##..#
##....##..##########
##........##.......#
####.#...###....@..#
≈≈..##...###...hl..#
..≈.#.........))...#
≈.≈.#.#.#.##..>....#
.≈≈.#...#.##.......#
.≈≈.#.###.##.......#
.≈≈.#.###.....######
≈.≈.#..#...####
..≈.#.....##


You could see a black bear (berserk, combustible) and an iguana (combustible).

Vanquished Creatures
  An ogre (D:5)
  3 phantoms
  3 scorpions
  An orc priest (D:5)
  An iguana (D:5)
  2 orc wizards (D:4)
  Robin (D:3)
  4 gnolls
  4 adders
  A shadow imp (D:5)
  2 worms
  20 orcs
  5 ball pythons
  3 endoplasms
  2 giant cockroaches
  15 goblins
  5 hobgoblins
  10 jackals
  3 quokkas
  7 bats
  3 frilled lizards
  6 kobolds
  5 rats
107 creatures vanquished.

Vanquished Creatures (others)
  161 foxfires
  13 fungi (D:4)
  3 plants (D:4)
177 creatures vanquished.

Grand Total: 284 creatures vanquished

Notes
Turn   | Place    | Note
-------+----------+-------------------------------------------
     0 | D:1      | dolemite99 the Djinni Fire Elementalist began the quest for
                  | the Orb.
     0 | D:1      | dolemite99 set off with the following spells memorised:
                  | Foxfire, Scorch, Kindle Blastsparks, Inner Flame, Flame
                  | Wave.
     0 | D:1      | Reached XP level 1. HP: 15/15 MP: 0/0
   376 | D:1      | Reached XP level 2. HP: 21/22 MP: 0/0
   596 | D:1      | Reached skill level 1 in Fighting
  1432 | D:2      | Reached skill level 3 in Spellcasting
  1432 | D:2      | Reached XP level 3. HP: 24/27 MP: 0/0
  1432 | D:2      | Learned a level 1 spell: Sandblast
  1847 | D:2      | Found Quwu's Weapon Shoppe.
  1863 | D:2      | Found a shimmering altar of Xom.
  1900 | D:2      | Reached XP level 4. HP: 30/32 MP: 0/0
  2827 | D:3      | Noticed Robin
  2852 | D:3      | Killed Robin
  2969 | D:3      | Reached XP level 5. HP: 33/38 MP: 0/0
  2969 | D:3      | Learned a level 2 spell: Static Discharge
  3168 | D:3      | Found a runed translucent door.
  3168 | D:3      | Noticed a black bear
  3168 | D:3      | Noticed cforsyth's ghost (amateur KoBr)
  3305 | D:3      | Reached skill level 4 in Spellcasting
  3770 | D:4      | Found a blossoming altar of Fedhas.
  3776 | D:3      | Reached XP level 6. HP: 42/45 MP: 0/0
  4369 | D:4      | Became a worshipper of Fedhas Madash
  4454 | D:4      | Reached XP level 7. HP: 8/50 MP: 0/0
  4454 | D:4      | Learned a level 3 spell: Mephitic Cloud
  5300 | D:4      | Reached skill level 5 in Spellcasting
  5991 | D:5      | Entered Level 5 of the Dungeon
  5992 | D:5      | Found a hazy altar of Hepliaklqana.
  6734 | D:5      | Found a staircase to the Ecumenical Temple.
  6924 | D:5      | Reached XP level 8. HP: 58/58 MP: 0/0
  7144 | D:5      | Slain by a black bear

Illustrated notes

Levels and vault maps discovered:
D:1:      lightli_arrival_isolated_outpost, layout_loops_corners
D:2:      layout_loops_ring, serial_shops, shop, basic_altar
D:3:      layout_basic, ebering_ghost_inner_flame, reono_crystal_passage,
          uniq_robin
D:4:      layout_rooms, fedhas_altar_3, minmay_misc_feat_secret_circle,
          interstate_on_off
D:5:      layout_rooms, mainiacjoe_overflow_paths,
          minmay_temple_entry_nine_rooms, due_unseen_surprise

Skill      XL: |  1  2  3  4  5  6  7 |
---------------+----------------------+-----
Fighting       | 1 2 3 4 |  4.6
Spellcasting   | 3 4 5 |  5.9
Dodging        | |  2.1
Stealth        | |  1.5

Action                     |  1- 3 |  4- 6 |  7- 9 || total
---------------------------+-------+-------+-------++-------
  Melee: Dagger            |     3 |     1 |     4 ||     8
         Staff             |       |       |     1 ||     1
   Cast: Foxfire           |    29 |    37 |    24 ||    90
         Scorch            |    10 |    34 |    29 ||    73
         Static Discharge  |       |       |     3 ||     3
         Mephitic Cloud    |       |       |     3 ||     3
    Use: Scroll            |       |     7 |     3 ||    10
         Potion            |       |     1 |     2 ||     3
 Armour: Robe              |     4 |    10 |    10 ||    24
  Dodge: Dodged            |    16 |    32 |    27 ||    75

Table legend: (Time is in decaauts)
 A = Elapsed time spent in this place.
 B = Non-inter-level travel time spent in this place.
 C = Inter-level travel time spent in this place.
 D = Time resting spent in this place.
 E = Time spent auto-exploring this place.
 F = Levels seen in this place.
 G = Mean time per level.
                   A        B        C        D        E       F      G
               +--------+--------+--------+--------+--------+-----+--------+
         Total |   7143 |   6872 |    271 |   3055 |   2609 |   5 | 1428.6 |
       Dungeon |   7143 |   6872 |    271 |   3055 |   2609 |   5 | 1428.6 |
               +--------+--------+--------+--------+--------+-----+--------+

Top non-repeatable levels by time:
     D:3: 1917 daAuts
     D:4: 1745 daAuts
     D:1: 1350 daAuts
     D:5: 1152 daAuts
     D:2: 977 daAuts
